 Dungeon Crawl Stone Soup version 0.28.0-53-g5a82cb258f (webtiles) character file.

Game seed: 4003274990766189474

674 Acheron the Covered (level 7, -1/54 HPs)
             Began as a Human Fighter on Aug 3, 2022.
             Was a Priest of Lugonu.
             Slain by a water moccasin (8 damage)
             ... on level 5 of the Dungeon.
             The game lasted 00:12:23 (3636 turns).

Acheron the Covered (Human Fighter)                 Turns: 3636, Time: 00:12:23

Health: -1/54      AC:  8    Str: 16    XL:     7   Next: 90%
Magic:  10/10      EV: 10    Int:  9    God:    Lugonu [***...]
Gold:   145        SH: 11    Dex: 20    Spells: 8/10 levels left

rFire   . . .      SeeInvis .   a - +0 war axe
rCold   . . .      Faith    .   c - +0 buckler
rNeg    . . .      Spirit   .   b - +0 scale mail
rPois   +          Reflect  +   (no helmet)
rElec   .          Harm     .   (no cloak)
rCorr   .          Rampage  .   (no gloves)
Will    .....                   k - +0 pair of boots
Stlth   +.........              e - amulet of reflection
HPRegen 0.18/turn               r - +6 ring of dexterity
MPRegen 0.12/turn               s - ring of poison resistance

@: mighty
A: no striking features
a: Renounce Religion, Depart the Abyss, Bend Space, Banish


You were on level 5 of the Dungeon.
You worshipped Lugonu.
Lugonu was most pleased with you.
You visited 2 branches of the dungeon, and saw 7 of its levels.

You collected 145 gold pieces.

Inventory:

Hand Weapons
 a - a +0 war axe (weapon)
 p - a +1 hand axe of flaming
Missiles
 n - 54 stones (quivered)
Armour
 b - a +0 scale mail (worn)
 c - a +0 buckler (worn)
 k - a +0 pair of boots (worn)
Jewellery
 e - an amulet of reflection (around neck)
 g - a ring of protection from cold
 r - a +6 ring of dexterity (left hand)
 s - a ring of poison resistance (right hand)
Wands
 f - a wand of digging (6)
 j - a wand of charming (7)
 m - a wand of polymorph (8)
Scrolls
 i - a scroll of teleportation
Potions
 h - a potion of heal wounds {unknown}
 l - a potion of curing
 o - a potion of brilliance {unknown}
 q - a potion of magic {unknown}


   Skills:
 * Level 4.0 Fighting
 + Level 4.0 Axes
 * Level 4.4 Armour
 * Level 1.6 Dodging
 * Level 2.6 Stealth
 * Level 3.8 Shields
 * Level 2.0 Spellcasting
 * Level 1.9 Invocations
 * Level 1.7 Evocations


You had 8 spell levels left.
You knew the following spells:

 Your Spells              Type           Power      Damage    Failure   Level
a - Ensorcelled Hibernat  Hex/Ice        0%         N/A       91%         2

Your spell library contained the following spells:

 Spells                   Type           Power      Damage    Failure   Level
 Passwall                 Tmut/Erth      0%         N/A       91%         2
 Swiftness                Air            0%         N/A       99%         3


Dungeon Overview and Level Annotations

Branches:
Dungeon (6/15)             Temple (1/1) D:4

Altars:
Ashenzari
Cheibriados
Dithmenos
Elyvilon
Fedhas
Hepliaklqana
Kikubaaqudgha
Makhleb
Nemelex Xobeh
Qazlal
Sif Muna
Trog
Uskayaw
Vehumet
Wu Jian
Xom
Yredelemnul
Zin
Lugonu

Shops:
D:1 :

Annotations:
D:2 exclusion: 2 downstairs
D:3 1 runed translucent door, Crazy Yiuf, Sigmund


Message History

Lugonu accepts your kill. The water moccasin barely misses you.
Your Fighting skill increases to level 4!
Your Axes skill increases to level 4!
Your Spellcasting skill increases to level 2!
The water moccasin barely misses you.
There is a stone staircase leading up, spattered with blood here.
You block the water moccasin's attack. x2
You climb upwards.
There is a stone staircase leading down here.
Found a scale mail.
The water moccasin bites you.
You slash the water moccasin!
The water moccasin is moderately wounded.
The water moccasin bites you but does no damage.
The water moccasin completely misses you.
You barely miss the water moccasin.
The water moccasin is moderately wounded.
The water moccasin bites you! x2
* * * LOW HITPOINT WARNING * * *
You feel very mighty all of a sudden. The water moccasin barely misses you.
You closely miss the water moccasin.
The water moccasin is moderately wounded.
The water moccasin misses you. You block the water moccasin's attack.
You barely miss the water moccasin.
The water moccasin is moderately wounded.
The water moccasin closely misses you. You block the water moccasin's attack.
You closely miss the water moccasin.
The water moccasin is moderately wounded.
You block the water moccasin's attack.
You slash the water moccasin!
The water moccasin is severely wounded.
The water moccasin barely misses you. The water moccasin bites you!
* * * LOW HITPOINT WARNING * * *
You barely miss the water moccasin.
The water moccasin is severely wounded.
The water moccasin bites you.
* * * LOW HITPOINT WARNING * * *
The water moccasin bites you!
You die...

.....#########
......# ...###
......# .....#
......# .......
.....#
...............#
.....
...............#
...[
...............##..#
. #..........#..#
#.###..........#@#
.....>........#S#
####.(...........#
..............>###
###.#..........#
##..#..........#
#.>##.....>....# #.#
#..........###
..####...........#


You could see a water moccasin.

Vanquished Creatures
  An ogre (D:5)
  A centaur (D:6)
  2 scorpions
  A water moccasin zombie (D:6)
  A howler monkey (D:5)
  A bullfrog skeleton (D:5)
  A bullfrog zombie (D:6)
  3 hounds
  An orc wizard (D:5)
  Terence (D:3)
  3 adders
  A howler monkey skeleton (D:5)
  2 dart slugs
  7 orcs
  6 bats
  7 endoplasms
  3 giant cockroaches
  A goblin (D:2)
  3 hobgoblins
  3 quokkas (D:5)
  7 ball pythons
  A frilled lizard (D:3)
  3 kobolds
  7 rats
67 creatures vanquished.

Notes
Turn   | Place    | Note
-------+----------+-------------------------------------------
     0 | D:1      | Acheron the Human Fighter began the quest for the Orb.
     0 | D:1      | Reached XP level 1. HP: 18/18 MP: 1/1
   150 | D:1      | Reached XP level 2. HP: 23/24 MP: 2/2
   317 | D:1      | Found Feunoyll's Book Emporium.
  1013 | D:2      | Reached skill level 1 in Stealth
  1013 | D:2      | Reached XP level 3. HP: 22/29 MP: 3/3
  1379 | D:2      | Found a faded altar of an unknown god.
  1397 | D:2      | Prayed at the altar of an unknown god.
  1397 | D:2      | Became a worshipper of Lugonu the Unformed
  1397 | D:2      | Reached * piety under Lugonu
  1397 | D:2      | Reached ** piety under Lugonu
  1560 | D:2      | Reached XP level 4. HP: 31/35 MP: 3/5
  1807 | D:3      | Reached skill level 1 in Spellcasting
  1957 | D:3      | Noticed Terence
  1994 | D:3      | Learned a level 2 spell: Ensorcelled Hibernation
  2025 | D:3      | Noticed Sigmund
  2233 | D:3      | Found a runed translucent door.
  2234 | D:3      | Noticed Crazy Yiuf
  2289 | D:3      | Killed Terence
  2290 | D:3      | Reached XP level 5. HP: 39/41 MP: 6/6
  2307 | D:4      | Noticed an ogre
  2316 | D:5      | Entered Level 5 of the Dungeon
  2715 | D:4      | Found a staircase to the Ecumenical Temple.
  2721 | Temple   | Entered the Ecumenical Temple
  3040 | D:4      | Reached skill level 1 in Dodging
  3040 | D:4      | Reached XP level 6. HP: 29/47 MP: 6/8
  3275 | D:5      | Noticed an ogre
  3293 | D:5      | Killed an ogre
  3294 | D:5      | Reached skill level 1 in Invocations
  3294 | D:5      | Reached skill level 1 in Evocations
  3321 | D:5      | Reached XP level 7. HP: 46/53 MP: 9/9
  3404 | D:5      | Reached *** piety under Lugonu
  3614 | D:6      | Noticed a water moccasin
  3636 | D:5      | Slain by a water moccasin

Illustrated notes

Levels and vault maps discovered:
D:1:      onia_arrival_mini_spirals, layout_loops_ring, serial_shops, shop,
          st_stairs_1
D:2:      layout_rooms, ebering_ecumenical_altar_ruins, grunt_ministairs_3
D:3:      layout_rooms, serial_shops, nicolae_shop_stone, uniq_jessica,
          uniq_sigmund, uniq_crazy_yiuf_cottage, uniq_grinder, uniq_terence
D:4:      layout_loops_ring, okawaru_altar_gauntlet_db, temple_green,
          hangedman_decor_riveting, kennysheep_nub
D:5:      layout_rooms, lemuel_doored_altar
D:6:      layout_rooms, mainiacjoe_overflow_catwalk, serial_undead,
          serial_undead_f, serial_undead_a, serial_undead_d, serial_undead_b,
          serial_undead_a
Temple:   regret_index_temple_mists

Skill      XL: |  1  2  3  4  5  6  7 |
---------------+----------------------+-----
Stealth        | 1 2 |  2.6
Spellcasting   | 1 2 |  2.0
Axes           | 3 4 |  4.0
Armour         | 4 |  4.4
Dodging        | 1 |  1.6
Invocations    | 1 |  1.9
Evocations     | 1 |  1.7
Fighting       | 4 |  4.0
Shields        | |  3.8

Action                   |  1- 3 |  4- 6 |  7- 9 || total
-------------------------+-------+-------+-------++-------
Melee: War axe           |    86 |    83 |    61 ||   230
Evoke: Wand              |       |     1 |       ||     1
  Use: Potion            |       |     1 |     2 ||     3
       Scroll            |       |     5 |     1 ||     6
Armor: Scale mail        |    51 |    43 |    35 ||   129
Dodge: Dodged            |    45 |    55 |    35 ||   135
Block: Buckler           |    26 |    45 |    44 ||   115
       Reflection        |       |       |     5 ||     5
